Map: [ESL] Hard Lead

Players

ByuN

  • Race: Terran Terran
  • Spawn Location: 5:00

Maru - Winner!

  • Race: Terran Terran
  • Spawn Location: 11:00

Event: IEM Katowice 2024

VOD

https://youtu.be/lMGgrXnTazU?t=3679

Description

Time

  • Played on: Feb. 11, 2024, 8:40 a.m.
  • Length: 9:36

All games in this series

Show
View Real Time Build Order
Export as new Build Order

ByuN Terran 

Build Orders: Cyclone Opening, Gas First Reaper Expand 

Get SALT Encoding   

  12  0:00  SCV  
  13  0:12  SCV  
  14  0:17  Supply Depot  
  14  0:24  SCV  
  14  0:27  Refinery  
  15  0:38  SCV  
  16  0:44  Barracks  
  16  0:50  SCV  
  17  1:03  SCV  
  18  1:15  SCV  
  19  1:31  Orbital Command, Reaper  
  20  1:42  Command Center  
  20  1:51  Factory  
  20  1:57  SCV  
  21  2:02  Marine  
  21  2:07  Supply Depot  
  22  2:09  SCV  
  22  2:15  Refinery  
  23  2:28  SCV, Marine  
  24  2:35  Hellion  
  26  2:40  SCV  
  27  2:47  Barracks Reactor  
  27  2:50  Starport  
  27  2:52  SCV  
  27  2:58  Cyclone  
  30  3:04  SCV  
  30  3:05  Orbital Command  
  31  3:10  Refinery  
  31  3:18  SCV  
  32  3:26  Starport Tech Lab  
  32  3:31  SCV x2  
  34  3:37  Cyclone x2  
  38  3:42  Supply Depot  
  38  3:43  SCV  
  38  3:45  Raven  
  38  3:46  Interference Matrix  
  41  3:51  SCV  
  43  3:55  SCV  
  43  4:03  SCV  
  43  4:07  SCV  
  47  4:14  Supply Depot  
  47  4:15  SCV  
  48  4:19  SCV  
  48  4:20  Cyclone x2  
  48  4:22  Raven  
  53  4:27  SCV  
  54  4:31  Supply Depot  
  54  4:36  Supply Depot, SCV  
  55  4:41  SCV  
  56  4:49  SCV  
  57  4:52  Cyclone  
  57  4:53  Cyclone, SCV  
  57  4:57  Command Center  
  62  5:03  Starport Reactor, SCV  
  62  5:06  SCV  
  64  5:11  Stimpack  
  64  5:14  Barracks  
  64  5:16  Barracks, SCV  
  64  5:18  Marine  
  64  5:20  SCV  
  67  5:28  SCV  
  66  5:32  SCV  
  66  5:33  Factory Tech Lab  
  67  5:36  Marine  
  67  5:38  Engineering Bay x2  
  67  5:40  SCV  
  69  5:44  SCV  
  70  5:52  Starport Reactor, SCV  
  70  5:56  SCV  
  71  6:01  Marine  
  67  6:04  SCV  
  67  6:08  SCV  
  67  6:09  Terran Infantry Weapons Level 1, Terran Infantry Armor Level 1  
  68  6:11  Refinery  
  68  6:12  Siege Tank  
  68  6:14  Marine x2  
  68  6:16  SCV  
  68  6:17  Barracks  
  68  6:18  Barracks  
  74  6:19  Marine x2  
  74  6:20  SCV  
  77  6:28  SCV  
  77  6:30  Marine  
  77  6:31  Medivac x2  
  83  6:33  SCV  
  84  6:40  SCV  
  84  6:41  Supply Depot x2  
  84  6:42  Orbital Command  
  84  6:45  SCV  
  86  6:47  Siege Tank  
  86  6:51  Marine  
  86  6:52  SCV, Marine x2  
  93  7:00  Combat Shield  
  93  7:02  SCV, Marine  
  93  7:04  Supply Depot  
  89  7:16  SCV x2  
  89  7:17  Marine x3  
  89  7:19  SCV  
  89  7:21  Siege Tank, Marine  
  99  7:27  Marine  
  99  7:28  SCV x2  
  99  7:29  Barracks Reactor x2, Supply Depot  
  99  7:31  SCV  
  99  7:35  Marine x3  
  103  7:39  Marine  
  103  7:40  SCV x2  
  103  7:45  Marine  
  95  7:53  Siege Tank, Marine x3  
  95  7:56  Marine  
  97  8:03  Marine  
  98  8:10  Marine x2  
  98  8:11  Marine x5  
  95  8:14  Marine  
  96  8:21  Marine  
  96  8:25  Siege Tank  
  92  8:28  Marine x5  
  92  8:29  Marine  
  92  8:33  Medivac x2  
  102  8:39  Command Center  
  102  8:40  Marine x3  
  105  8:45  Marine  
  105  8:46  SCV x2  
  107  8:58  SCV  
  106  9:05  Marine  
  106  9:06  Marine x7  
  106  9:08  Marine  
Show
View Real Time Build Order
Export as new Build Order

Maru Terran - Winner!

Build Orders: Reaper Expand 

Get SALT Encoding   

  12  0:00  SCV  
  13  0:12  SCV  
  14  0:17  Supply Depot  
  14  0:24  SCV  
  15  0:38  SCV  
  15  0:40  Barracks  
  16  0:43  Refinery  
  16  0:50  SCV  
  17  1:02  SCV  
  18  1:14  SCV  
  19  1:26  Orbital Command, Reaper  
  20  1:43  Command Center  
  20  1:52  SCV  
  21  1:57  Supply Depot  
  21  1:58  Reaper  
  22  2:04  SCV  
  23  2:19  SCV  
  24  2:24  Factory  
  23  2:31  SCV  
  23  2:33  Refinery  
  24  2:39  Barracks Reactor  
  24  2:43  SCV  
  25  2:50  Command Center  
  25  2:55  SCV  
  25  2:57  Orbital Command  
  26  3:07  SCV  
  26  3:09  Hellion  
  29  3:14  Starport  
  29  3:19  SCV  
  30  3:21  Marine x2  
  30  3:24  SCV  
  33  3:31  SCV  
  33  3:32  Factory Tech Lab  
  34  3:39  Marine x2  
  36  3:43  SCV  
  36  3:44  SCV  
  36  3:45  Refinery  
  38  3:51  Starport Tech Lab  
  38  3:52  Siege Tank  
  41  3:55  SCV  
  41  3:56  SCV  
  41  3:57  Marine x2  
  45  4:04  Orbital Command  
  45  4:08  SCV  
  46  4:11  Raven  
  46  4:12  SCV  
  46  4:15  Marine x2  
  51  4:17  Supply Depot  
  51  4:20  SCV  
  52  4:25  Siege Tank  
  52  4:26  SCV  
  52  4:31  SCV  
  57  4:32  SCV  
  57  4:33  Marine x2  
  57  4:35  Interference Matrix  
  57  4:38  SCV  
  61  4:43  Supply Depot, SCV  
  61  4:45  SCV  
  62  4:49  Raven  
  62  4:51  Marine x2  
  66  4:53  SCV  
  66  4:54  Refinery  
  66  4:55  SCV  
  66  4:57  SCV  
  69  5:05  SCV  
  69  5:06  Barracks, Factory Reactor  
  70  5:08  SCV  
  70  5:09  Barracks  
  70  5:11  Engineering Bay x2  
  70  5:12  SCV  
  72  5:17  SCV  
  72  5:20  SCV  
  74  5:24  Raven, SCV  
  77  5:30  Stimpack, SCV, Supply Depot  
  77  5:35  Supply Depot  
  77  5:37  Marine  
  77  5:38  Terran Infantry Weapons Level 1, SCV  
  77  5:41  Barracks  
  79  5:43  Barracks  
  79  5:45  Terran Infantry Armor Level 1  
  79  5:53  SCV  
  79  5:55  Marine, SCV  
  82  5:58  SCV  
  77  6:05  SCV  
  77  6:06  Siege Tank  
  77  6:07  SCV  
  77  6:08  Starport Reactor  
  82  6:13  Supply Depot  
  82  6:14  Supply Depot  
  82  6:15  Marine x3  
  82  6:16  Marine x2  
  87  6:29  Supply Depot  
  87  6:30  SCV  
  88  6:33  Barracks Reactor x2, Marine x4  
  88  6:34  Marine  
  96  6:44  Medivac  
  96  6:45  Missile Turret, Medivac  
  96  6:46  Missile Turret  
  97  6:50  Siege Tank  
  97  6:51  Marine  
  97  6:53  Marine x4  
  105  6:56  Orbital Command  
  105  6:57  Supply Depot  
  105  6:59  SCV  
  106  7:02  Orbital Command  
  106  7:05  SCV  
  107  7:09  Marine  
  107  7:11  Marine  
  107  7:12  Supply Depot, SCV  
  107  7:14  Medivac x2, Marine x2  
  108  7:16  Marine  
  108  7:17  Marine x2  
  108  7:22  SCV  
  112  7:24  Marine x2, SCV  
  112  7:28  Marine  
  112  7:29  Marine  
  120  7:31  Combat Shield  
  120  7:36  SCV x2  
  119  7:37  Marine x2  
  119  7:42  Marine  
  119  7:43  Siege Tank, Marine x2  
  128  7:44  Medivac x2  
  128  7:48  SCV x2  
  128  7:49  Orbital Command  
  133  7:52  Marine  
  133  7:53  Marine x2  
  133  7:55  Marine x2  
  133  7:57  Marine  
  136  8:00  Marine x2  
  136  8:01  Marine  
  136  8:04  SCV  
  136  8:07  SCV  
  136  8:10  Marine x2  
  136  8:11  Marine  
  129  8:15  Siege Tank, Marine  
  129  8:18  Viking  
  133  8:23  SCV x3  
  133  8:25  Marine x4  
  139  8:32  Supply Depot  
  139  8:33  Supply Depot  
  139  8:36  Supply Depot  
  139  8:38  Marine x2  
  141  8:45  Armory  
  141  8:54  Siege Tank, Marine x4  
  148  9:01  Marine  
  149  9:05  Marine  
  149  9:07  Marine x2  
  149  9:08  Marine  
  156  9:11  SCV  
  156  9:12  Supply Depot, Marine x3  

Tags
 
Add a new tag
Caveats
  • Supply blocks, unpowered buildings, or Contaminate may cause inaccurate times.
  • Supply counts are checked every 10 seconds.